 Dungeon Crawl Stone Soup version 0.21.1-1-g345015f (webtiles) character file.

312 HammerPanzer the Slasher (level 6, 0/50 HPs)
             Began as a Demonspawn Berserker on Apr 5, 2018.
             Was a Believer of Trog.
             Slain by a worm (1 damage)
             ... on level 4 of the Dungeon.
             The game lasted 00:08:28 (3357 turns).

HammerPanzer the Slasher (Demonspawn Berserker)     Turns: 3357, Time: 00:08:28

Health: 0/50       AC:  7    Str: 25    XL:     6   Next: 18%
Magic:  6/6        EV: 11    Int:  8    God:    Trog [**....]
Gold:   168        SH:  0    Dex: 12    Spells: 5/5 levels left

rFire    . . .     SeeInvis .   a - +1 falchion
rCold    + + .     Gourm    .   (no shield)
rNeg     . . .     Faith    .   k - +0 ring mail
rPois    .         Spirit   .   (helmet restricted)
rElec    .         Reflect  .   l - +0 cloak
rCorr    .         Harm     .   (no gloves)
MR       .....                  (no boots)
Stlth    +.........             (no amulet)
HPRegen  0.16/turn              d - ring of protection from cold
MPRegen  0.10/turn              (no ring)

@: mighty, berserk cooldown, slowed, very slow
A: horns 1, rugged brown scales 1, cold resistance 1, freezing cloud immunity
a: Berserk, Trog's Hand, Burn Spellbooks, Renounce Religion


You were on level 4 of the Dungeon.
You worshipped Trog.
Trog was pleased with you.
You were very hungry.

You visited 1 branch of the dungeon, and saw 4 of its levels.

You collected 168 gold pieces.

Inventory:

Hand Weapons
 a - a +1 falchion (weapon)
Armour
 k - a +0 ring mail (worn)
 l - a +0 cloak (worn)
Jewellery
 d - a ring of protection from cold (left hand)
Scrolls
 b - a scroll of fear
 j - a scroll of remove curse
 m - a scroll of immolation {unknown}
Potions
 e - a potion of haste {unknown}
 f - a potion of might
 g - 2 potions of resistance {unknown}
 h - 2 potions of agility {unknown}
 n - a potion of brilliance {unknown}
Comestibles
 c - 5 rations
 i - 6 chunks of flesh


   Skills:
 + Level 4.6 Fighting
 * Level 5.4 Long Blades
 - Level 1.7 Armour
 - Level 1.7 Dodging


You had 5 spell levels left.
You didn't know any spells.

Dungeon Overview and Level Annotations

Branches:
Dungeon (4/15)             Temple (0/1) D:4

Altars:
Cheibriados
Qazlal

Portals:
Sewer: D:4


Innate Abilities, Weirdness & Mutations

You have a pair of small horns on your head.
You are partially covered in rugged brown scales. (AC +1, +3% HP)
Your flesh is cold resistant. (rC+)
You are immune to freezing clouds.


Message History

You hit the worm.
You headbutt the worm, but do no damage.
The worm is moderately wounded.
The worm bites you.
* * * LOW HITPOINT WARNING * * *
You hit the worm but do no damage. You headbutt the worm.
The worm is heavily wounded.
The worm bites you.
* * * LOW HITPOINT WARNING * * *
You hit the worm.
The worm is heavily wounded.
The worm bites you but does no damage.
Okay, then.
You feel very mighty all of a sudden. The worm bites you.
* * * LOW HITPOINT WARNING * * *
You slash the worm!
The worm is almost dead.
The worm bites you.
You die...

.....#.......≈≈≈....#
......++.........$...##
.#.....##...#...........
.... ...#...#........>..
≈≈≈≈≈ #.#...#...........
≈≈≈≈≈##........#########
.....≈≈........#
.....≈≈........#
..∩...w@..)....#
....≈≈≈........#
.....≈≈...........
≈≈≈≈≈##.######.....
≈≈≈≈≈ #.# ..... ≈... ≈.#
..... #### #### ....


You could see a worm.

Vanquished Creatures
  Crazy Yiuf (D:2)
  A bullfrog skeleton (D:4)
  4 worker ants
  Robin (D:3)
  4 adders
  2 oozes
  2 worms
  5 dart slugs
  4 leopard geckos
  An orc (D:4)
  2 giant cockroaches
  16 goblins
  11 hobgoblins
  9 jackals
  9 kobolds
  6 bats
  2 frilled lizards
  2 rats
82 creatures vanquished.

Vanquished Creatures (others)
  A bat (D:3)
1 creature vanquished.

Grand Total: 83 creatures vanquished

Notes
Turn   | Place    | Note
-------+----------+-------------------------------------------
     0 | D:1      | HammerPanzer the Demonspawn Berserker began the quest for the Orb.
     0 | D:1      | Reached XP level 1. HP: 18/18 MP: 1/1
   173 | D:1      | Reached skill level 3 in Long Blades
   190 | D:1      | Gained mutation: Your flesh is cold resistant. (rC+) [demonic ancestry]
   190 | D:1      | Reached XP level 2. HP: 4/24 MP: 2/2
   956 | D:1      | Gained mutation: You are partially covered in rugged brown scales. (AC +1, +3% HP) [demonic ancestry]
   956 | D:1      | Reached XP level 3. HP: 24/29 MP: 3/3
  1625 | D:2      | Reached skill level 4 in Long Blades
  1744 | D:2      | Reached ** piety under Trog
  1744 | D:2      | Gained mutation: You have a pair of small horns on your head. [demonic ancestry]
  1744 | D:2      | Reached XP level 4. HP: 37/38 MP: 4/4
  1777 | D:2      | Found a runed door.
  1782 | D:2      | Noticed Crazy Yiuf
  1786 | D:2      | Killed Crazy Yiuf
  2388 | D:3      | Gained mutation: You are immune to freezing clouds. [demonic ancestry]
  2388 | D:3      | Reached XP level 5. HP: 15/43 MP: 5/5
  2687 | D:3      | Noticed Robin
  2723 | D:3      | Killed Robin
  3038 | D:3      | Reached skill level 5 in Long Blades
  3059 | D:3      | Found a stormy altar of Qazlal.
  3147 | D:4      | Reached XP level 6. HP: 36/50 MP: 6/6
  3168 | D:4      | Found a staircase to the Ecumenical Temple.
  3202 | D:4      | Found a snail-covered altar of Cheibriados.
  3335 | D:4      | Found a glowing drain.
  3356 | D:4      | HP: 1/50 [worm (3)]
  3357 | D:4      | Slain by a worm

Skill      XL: |  1  2  3  4  5 |
---------------+----------------+-----
Long Blades    | 3 4 5 |  5.4
Fighting       | 4 |  4.6
Armour         | |  1.7
Dodging        | |  1.7

Action                   |  1- 3 |  4- 6 || total
-------------------------+-------+-------++-------
Melee: Falchion          |    94 |   162 ||   256
       Headbutt          |       |    28 ||    28
Invok: Berserk           |     2 |     4 ||     6
  Use: Scroll            |     4 |     3 ||     7
       Potion            |       |     1 ||     1
 Stab: Sleeping          |     1 |       ||     1
  Eat: Chunk             |     4 |     8 ||    12
Armor: Animal skin       |     4 |       ||     4
       Ring mail         |    23 |    76 ||    99
Dodge: Dodged            |    59 |   101 ||   160
       Rpst.: Falchion   |    15 |    25 ||    40
